 Dungeon Crawl Stone Soup version 0.30-b1-2-g02819fbbbe (webtiles) character file.

Game seed: 13014400458390799540

9188 LLlMATKO the Cleaver (level 11, -6/148 HPs)
             Began as a Minotaur Berserker on Aug 28, 2023.
             Was an Elder of Trog.
             Mangled by a phantasmal warrior (26 damage)
             ... led by a death knight
             ... on level 11 of the Dungeon.
             The game lasted 00:11:53 (9064 turns).

LLlMATKO the Cleaver (Minotaur Berserker)           Turns: 9064, Time: 00:11:53

Health: -6/148     AC: 20    Str: 24    XL:     11   Next: 19%
Magic:  19/19      EV:  9    Int:  7    God:    Trog [****..]
Gold:   679        SH: 14    Dex: 12    Spells: 10/10 levels left

rFire   . . .        w - +1 war axe of Arbitration {drain, rPois Int+3}
rCold   . . .        H - +0 tower shield
rNeg    . . .        O - +1 chain mail {rPois}
rPois   +            T - +0 hat {Will+}
rElec   .            F - +5 cloak "Raina" {+Blink Will+ MP+9 Slay+2}
rCorr   .            (no gloves)
SInv    .            t - +0 pair of boots
Will    +....        (no amulet) Stlth
                     J - +4 ring of slaying
HPRegen 0.44/turn    B - +4 ring of slaying
MPRegen 0.16/turn

%: no passive effects
@: berserking, weak-willed, very quick
A: horns 2, retaliatory headbutt
a: Renounce Religion, Evoke Blink, Berserk, Trog's Hand, Brothers in Arms


You were on level 11 of the Dungeon.
You worshipped Trog.
Trog was greatly pleased with you.
You visited 1 branch of the dungeon, and saw 11 of its levels.

You collected 679 gold pieces.

Inventory:

Hand Weapons
 a - a +0 hand axe
 o - a +0 scythe of venom
 q - the +8 sling "Pudoid Jul" {heavy, SInv}
   (You found it on level 5 of the Dungeon)

   SInv:      It lets you see invisible.
 w - the +1 war axe of Arbitration (weapon) {drain, rPois Int+3}
   (You found it on level 4 of the Dungeon)

   Int:       It affects your intelligence (+3).
   rPois:     It protects you from poison.
Missiles
 u - 13 poisoned darts
 v - 3 datura-tipped darts
 x - a throwing net (quivered)
Armour
 g - the +5 ring mail "Jeekhlum" {rPois MP+9 Int+3}
   (You found it on level 2 of the Dungeon)

   Int:       It affects your intelligence (+3).
   rPois:     It protects you from poison.
   MP:        It affects your magic capacity (+9).
 t - a +0 pair of boots (worn)
 F - the +5 cloak "Raina" (worn) {+Blink Will+ MP+9 Slay+2}
   (You found it on level 6 of the Dungeon)

   Slay:      It affects your accuracy & damage with ranged weapons and melee
   (+2).
   MP:        It affects your magic capacity (+9).
   +Blink:    It lets you blink.
   Will:      It increases your willpower.
 H - a +0 tower shield (worn)
 O - a +1 chain mail of poison resistance (worn)
 T - a +0 hat of willpower (worn)
Jewellery
 A - a +6 ring of strength
 B - a +4 ring of slaying (right hand)
 J - a +4 ring of slaying (left hand)
 V - a +6 ring of intelligence
Wands
 E - a wand of charming (18)
 I - a wand of roots (18)
 Q - a wand of acid (12)
 S - a wand of mindburst (10)
Scrolls
 b - 12 scrolls of identify {unknown}
 d - 3 scrolls of magic mapping {unknown}
 e - 3 scrolls of immolation {unknown}
 i - 4 scrolls of blinking {unknown}
 k - a scroll of vulnerability {unknown}
 p - 2 scrolls of poison {unknown}
 s - 5 scrolls of teleportation {unknown}
 y - 2 scrolls of fear {unknown}
 D - a scroll of torment {unknown}
 K - a scroll of fog {unknown}
 L - 2 scrolls of enchant weapon {unknown}
 P - a scroll of acquirement {unknown}
 R - a scroll of enchant armour {unknown}
 U - a scroll of noise {unknown}
Potions
 c - 2 potions of invisibility {unknown}
 f - 3 potions of attraction {unknown}
 h - a potion of degeneration {unknown}
 j - a potion of ambrosia {unknown}
 l - 4 potions of curing {unknown}
 m - a potion of mutation {unknown}
 n - 5 potions of heal wounds {unknown}
 r - a potion of magic {unknown}
 z - 4 potions of flight {unknown}
 C - a potion of might {unknown}
 G - 2 potions of haste {unknown}
 M - 2 potions of lignification {unknown}
 N - a potion of berserk rage {unknown}


   Skills:
 + Level 9.8 Fighting
 + Level 10.0 Axes
 + Level 7.0 Ranged Weapons
 + Level 9.5 Armour
 + Level 8.8 Dodging
 + Level 6.4 Shields


You had 10 spell levels left.
You didn't know any spells.
Your spell library was empty.

Dungeon Overview and Level Annotations

Branches:
Dungeon (11/15)            Temple (0/1) D:7            Lair (0/5) D:11
    Orc: D:9-12

Altars:
Ashenzari
Elyvilon
Hepliaklqana
Qazlal
Ru
Zin

Shops:
D:1 ?   D:5 [*(=

Portals:
Trove: D:10 (give 4 potions of resistance)


Innate Abilities, Weirdness & Mutations

You have a pair of horns on your head.
You reflexively headbutt those who attack you in melee.


Message History

You headbutt the death knight!!
The death knight reflects your damage back at you!
The skeletal warrior struggles against the net.
The net rips apart, and the skeletal warrior comes free!
You barely miss the death knight.
The death knight is moderately wounded.
You hit the skeletal warrior but do no damage.
The death knight hits you but does no damage.
The skeletal warrior hits you with a +0 dire flail!
Unknown command.
You barely miss the death knight. Your headbutt misses the death knight.
The death knight is moderately wounded.
You hit the phantasmal warrior. You hit the skeletal warrior.
Unknown command.
You closely miss the death knight. Your headbutt misses the death knight.
The death knight is moderately wounded.
You hit the phantasmal warrior. You slash the skeletal warrior!
The death knight hits you with a +0 battleaxe!!
The phantasmal warrior hits you!!
Your willpower is stripped away!
The skeletal warrior hits you with a +0 dire flail!!
Unknown command.
You slash the death knight! You drain the death knight!
The death knight is severely wounded.
You hit the skeletal warrior. You hit the phantasmal warrior.
The death knight reflects your damage back at you!
* * * LOW HITPOINT WARNING * * *
The death knight hits you but does no damage.
The phantasmal warrior completely misses you.
You furiously retaliate!
You headbutt the phantasmal warrior!!
The skeletal warrior hits you but does no damage.
You slash the death knight! You headbutt the death knight!
The death knight is almost dead.
You hit the phantasmal warrior. You slash the skeletal warrior!
You feel the power of Trog in you as your rage grows.
You destroy the skeletal warrior!
Trog accepts your kill.
The death knight reflects your damage back at you!
* * * LOW HITPOINT WARNING * * *
You block the death knight's attack. The phantasmal warrior hits you!!
You die...

..####...#.#### ..
............... .
.........###### ..
.#.......# ###.
##.#####.# #.. ...... .#
#####.### ###.## .#
#...W...# # #.# ##
#..W)p..# # ###.##
#...@...# .# .....###
#.[.....###.#
##.....####
####.####../#
####.#....## ##..#....##
## #.####..# #.....>...#
.###.#####.###.......###
.....).......).......#
.#####.####.##.......#
.# #......(........#


You could see a death knight (reflects damage, drained), a phantasmal warrior
and a wraith.

Vanquished Creatures
  Gastronok (D:10)
  A two-headed ogre (D:10)
  A boulder beetle (D:11)
  A skeletal warrior (D:11)
  A phantasmal warrior (D:10)
  A cyclops (D:11)
  A gargoyle (D:11)
  A hornet (D:9)
  Sigmund (D:3)
  A spriggan (D:9)
  A wyvern (D:11)
  3 basilisks (D:11)
  A steam dragon (D:4)
  3 vampire mosquitoes
  An acid dragon (D:10)
  4 water moccasins
  2 black bears
  A sky beast (D:8)
  An orc warrior (D:9)
  3 wolves (D:11)
  4 centaurs
  2 phantoms
  A kobold brigand (D:9)
  6 bullfrogs
  2 gnoll sergeants
  A scorpion (D:11)
  10 wights
  5 killer bees (D:9)
  5 howler monkeys
  3 hounds
  A gnoll bouda (D:5)
  7 orc priests
  4 jellies
  2 sleepcaps (D:4)
  2 iguanas
  9 orc wizards
  8 adders
  21 gnolls
  2 shadow imps
  3 white imps
  2 worms (D:2)
  A dart slug (D:4)
  28 orcs
  6 ball pythons
  10 endoplasms
  4 giant cockroaches
  10 goblins
  5 hobgoblins
  4 jackals (D:3)
  2 quokkas
  6 bats
  3 frilled lizards
  11 kobolds
  4 rats
224 creatures vanquished.

Vanquished Creatures (others)
  3 fungi (D:11)
  13 plants (D:11)
16 creatures vanquished.

Grand Total: 240 creatures vanquished

Notes
Turn   | Place    | Note
-------+----------+-------------------------------------------
     0 | D:1      | LLlMATKO the Minotaur Berserker began the quest for the
                  | Orb.
     0 | D:1      | Reached XP level 1. HP: 19/19 MP: 0/0
   185 | D:1      | Reached XP level 2. HP: 25/27 MP: 1/1
   713 | D:1      | Reached skill level 4 in Axes
   850 | D:1      | Found The Oracle's Delphic Readings.
  1210 | D:2      | Reached XP level 3. HP: 33/33 MP: 2/2
  1267 | D:2      | Identified the +5 ring mail "Jeekhlum" {rPois MP+9 Int+3}
  1607 | D:2      | Found a white marble altar of Elyvilon.
  1612 | D:2      | Reached ** piety under Trog
  1679 | D:2      | Reached XP level 4. HP: 40/40 MP: 3/3
  2130 | D:3      | Noticed Sigmund
  2145 | D:3      | Killed Sigmund
  2146 | D:3      | Reached skill level 5 in Fighting
  2146 | D:3      | Reached skill level 5 in Axes
  2146 | D:3      | Reached XP level 5. HP: 48/48 MP: 4/4
  2597 | D:4      | Reached XP level 6. HP: 56/56 MP: 5/5
  2674 | D:4      | Found a glowing silver altar of Zin.
  2927 | D:4      | Noticed a steam dragon
  2930 | D:4      | Killed a steam dragon
  2931 | D:4      | Reached skill level 5 in Armour
  2931 | D:4      | Reached XP level 7. HP: 62/62 MP: 6/6
  3106 | D:4      | Identified the +1 war axe of Arbitration {drain, rPois
                  | Int+3}
  3359 | D:5      | Entered Level 5 of the Dungeon
  3374 | D:5      | Identified the +8 sling "Pudoid Jul" {heavy, SInv}
  3377 | D:5      | Found Zoakhuud's Antique Armour Shop.
  3458 | D:5      | Found Sefyblas's General Store.
  3483 | D:5      | Reached skill level 6 in Axes
  3508 | D:5      | Reached skill level 1 in Ranged Weapons
  3517 | D:5      | Reached skill level 5 in Dodging
  3609 | D:5      | Found Oqof's Antique Weapon Shop.
  3736 | D:5      | Found Riuratext's Jewellery Shop.
  4134 | D:6      | Reached XP level 8. HP: 67/71 MP: 7/7
  4215 | D:6      | Reached *** piety under Trog
  4441 | D:6      | Identified the +5 cloak "Raina" {+Blink Will+ MP+9 Slay+2}
  4536 | D:6      | Reached skill level 7 in Axes
  4554 | D:6      | Found a sacrificial altar of Ru.
  4555 | D:6      | Found a broken altar of Ashenzari.
  4555 | D:6      | Found a hazy altar of Hepliaklqana.
  4556 | D:6      | Found a stormy altar of Qazlal.
  5061 | D:7      | Found a staircase to the Ecumenical Temple.
  5134 | D:7      | Reached skill level 1 in Shields
  5461 | D:7      | Reached XP level 9. HP: 79/79 MP: 8/8
  6754 | D:9      | Reached **** piety under Trog
  6755 | D:9      | Reached skill level 8 in Axes
  7285 | D:9      | Reached skill level 5 in Ranged Weapons
  7619 | D:10     | Entered Level 10 of the Dungeon
  7691 | D:10     | Noticed a two-headed ogre
  7696 | D:10     | Killed a two-headed ogre
  7697 | D:10     | Reached XP level 10. HP: 82/90 MP: 9/9
  7782 | D:10     | Found a portal to a secret trove of treasure.
  7848 | D:10     | Noticed Gastronok
  7862 | D:10     | Killed Gastronok
  7863 | D:10     | Reached skill level 9 in Axes
  7863 | D:10     | Reached skill level 5 in Shields
  8295 | D:10     | Identified the +8 battleaxe "Anacomam" {protect, Int+7}
  8529 | D:11     | Noticed a gargoyle
  8537 | D:11     | Killed a gargoyle
  8559 | D:11     | Noticed a phantasmal warrior
  8560 | D:11     | Noticed a skeletal warrior
  8584 | D:10     | Killed a phantasmal warrior
  8799 | D:11     | Noticed a cyclops
  8806 | D:11     | Killed a cyclops
  8807 | D:11     | Reached XP level 11. HP: 95/97 MP: 10/10
  8869 | D:11     | Noticed a boulder beetle
  8874 | D:11     | Killed a boulder beetle
  8917 | D:11     | Reached ***** piety under Trog
  8922 | D:11     | Reached skill level 10 in Axes
  8970 | D:11     | Found a staircase to the Lair.
  9052 | D:11     | Noticed a death knight
  9054 | D:11     | Noticed a phantasmal warrior
  9064 | D:11     | Killed a skeletal warrior
  9064 | D:11     | Mangled by a phantasmal warrior

Illustrated notes

Levels and vault maps discovered:
D:1:      onia_arrival_mini_spirals, layout_basic, roderic_serpentine_path,
          nicolae_nh_oracle_at_delphi
D:2:      layout_basic, basic_altar, grunt_decor_one_mirror
D:3:      layout_basic, roderic_roman_lattice, uniq_sigmund
D:4:      layout_cave_pools, overflow_temple_1_default, grunt_ministairs_8,
          eino_small_chamber_without_monster
D:5:      layout_basic, serial_shops, nicolae_square_shop, shop,
          nicolae_shop_hallway_stairs, shop
D:6:      layout_basic, chequers_temple_overflow_statue_of_worship
D:7:      layout_loops_ring, minmay_temple_entry_arrows, serial_aquarium,
          aquarium_bridge_long_separate [aquarium_subvault_wall,
          aquarium_subvault_bridge, aquarium_subvault_wall,
          aquarium_subvault_bridge, aquarium_subvault_bridge,
          aquarium_subvault_bridge], aquarium_window_3, aquarium_window_1,
          aquarium_window_2, aquarium_window_fake, aquarium_view_2e
D:8:      layout_basic
D:9:      layout_stronghold, the_hattery
D:10:     layout_irregular_city, enter_trove_0, uniq_gastronok
D:11:     layout_rooms, minmay_lair_entry_grove

Skill      XL: |  1  2  3  4  5  6  7  8  9 10 11 |
---------------+----------------------------------+-----
Axes           | 4 5 6 7 8 9 10 | 10.0
Fighting       | 4 5 6 7 8 9 |  9.8
Armour         | 3 4 5 7 8 9 |  9.5
Dodging        | 3 4 5 6 7 8 |  8.8
Ranged Weapons | 2 3 5 6 7 |  7.0
Shields        | 1 4 6 |  6.4

Action                     |  1- 3 |  4- 6 |  7- 9 | 10-12 || total
---------------------------+-------+-------+-------+-------++-------
  Melee: Hand axe          |    76 |   106 |    19 |       ||   201
         Headbutt          |    14 |    23 |     7 |     8 ||    52
         Punch             |     2 |       |     1 |       ||     3
         War axe           |       |       |    49 |    40 ||    89
   Fire: Sling             |       |       |   156 |    85 ||   241
  Throw: Throwing net      |       |       |       |     3 ||     3
 Invoke: Berserk           |     1 |     4 |     3 |     2 ||    10
   Stab: Sleeping          |     1 |       |       |       ||     1
 Armour: Animal skin       |     6 |       |       |       ||     6
         Scale mail        |     4 |       |       |       ||     4
         Ring mail         |    17 |    29 |    86 |     8 ||   140
         Chain mail        |       |       |       |    22 ||    22
  Dodge: Dodged            |    35 |    69 |   125 |    25 ||   254
  Block: Tower shield      |       |       |    28 |    47 ||    75
